 Dungeon Crawl Stone Soup version 0.31.0-32-g396128a36d (console) character file.

Game seed: 5629204555005430976

1659 utis the Grave Robber (level 8, -4/62 HPs)
             Began as a Demigod Necromancer on Mar 26, 2024.
             Killed by divine providence
             ... invoked by an orc priest
              (16 damage)
             ... on level 6 of the Dungeon.
             The game lasted 00:25:55 (8418 turns).

utis the Grave Robber (Demigod Necromancer)         Turns: 8418, Time: 00:25:56

Health: -4/62      AC: 10    Str: 13    XL:     8   Next: 41%
Magic:  22/22      EV: 11    Int: 21    God:
Gold:   320        SH:  0    Dex: 14    Spells: 2/10 levels left

rFire   . . .        b - +1 dagger (venom)
rCold   + . .        (no shield)
rNeg    . . .        p - +0 ring mail {rC+}
rPois   .            B - +1 helmet
rElec   .            q - +1 cloak
rCorr   .            n - +0 pair of gloves
SInv    .            (no boots)
Will    .....        (no amulet)
Stlth   +            o - ring of magical power
HPRegen 0.30/turn    (no ring)
MPRegen 0.18/turn

%: no passive effects
@: lethally poisoned (-4 -> -6), slowed, very slow
A: high MP 1, forlorn, divine attributes
a: no special abilities


You were on level 6 of the Dungeon.
You visited 1 branch of the dungeon, and saw 6 of its levels.
You also visited: Ossuary.

You collected 320 gold pieces.

Inventory:

Hand Weapons
 a - a +1 dagger of pain
 b - a +1 dagger of venom (weapon)
 e - a +0 short sword of protection
 f - a +0 trident
 i - a +0 short sword of draining
 x - a +1 whip of draining
 A - a +0 rapier
 G - a +2 dagger of protection
Missiles
 d - 5 poisoned darts
 j - 6 curare-tipped darts
 l - 56 stones
Armour
 g - a +2 chain mail of cold resistance
 k - a +0 leather armour
 n - a +0 pair of gloves (worn)
 p - a +0 ring mail of cold resistance (worn)
 q - a +1 cloak (worn)
 s - a +0 robe
 B - a +1 helmet (worn)
Jewellery
 o - a ring of magical power (left hand)
Scrolls
 h - a scroll of blinking
 y - a scroll of enchant armour
 D - a scroll of identify
 E - a scroll of teleportation {@r1}
 F - a scroll of fog {unknown}
Potions
 c - 2 potions of resistance
 m - a potion of curing {@q1}
 r - a potion of heal wounds {@q2}
 t - 2 potions of might
 u - 2 potions of berserk rage {!q}
 v - a potion of magic
 w - 2 potions of lignification
 z - a potion of attraction
 C - 4 potions of brilliance
 H - a potion of enlightenment {unknown}


   Skills:
 - Level 2.8 Fighting
 - Level 4.9 Short Blades
 - Level 2.6 Armour
 - Level 3.3 Dodging
 - Level 1.7 Stealth
 + Level 1.9 Spellcasting
 - Level 7.9 Necromancy


You had 2 spell levels left.
You knew the following spells:

 Your Spells              Type           Power      Damage    Failure   Level
n - Animate Dead          Necr           35%        N/A       12%         4
v - Vampiric Draining     Necr           35%        2d8       3%          3
Y - Necrotise             Necr           100%       1d9       1%          1

Your spell library contained the following spells:

 Spells                   Type           Power      Damage    Failure   Level
 Apportation              Tloc           4%         N/A       30%         1
 Jinxbite                 Hex            4%         N/A       43%         2
 Curse of Agony           Necr           35%        N/A       32%         5
 Alistair's Intoxication  Alch           1%         N/A       100%        5


Dungeon Overview and Level Annotations

Branches:
Dungeon (6/15)             Temple (0/1) D:4         Ossuary (visited)

Shops:
D:3 (   D:4 *


Innate Abilities, Weirdness & Mutations

You have an increased reservoir of magic. (+10% MP)
You shall have no god before yourself.
Your divine heritage dramatically boosts your attributes as you level up.


Message History

The kobold brigand throws a curare-tipped dart.
The curare-tipped dart hits you.
You are poisoned.
You have difficulty breathing.
You feel yourself slow down.
An orc priest comes into view.
It is wielding a +0 club and carrying a wand of light.
You feel very sick.
The orc priest invokes the aid of Beogh against you.
Beogh smites you! The orc priest hits you with a +0 mace.
The iguana attacks as it pursues you! The iguana misses you.
You feel very sick.
The orc priest calls upon Beogh to heal the orc priest.
The orc priest is healed somewhat.
The kobold brigand throws a curare-tipped dart.
The curare-tipped dart completely misses you.
The orc priest barely misses you.
The kobold brigand throws a curare-tipped dart.
The curare-tipped dart closely misses you.
The iguana bites you but does no damage.
You feel very sick.
The orc priest attacks as it pursues you!
The orc priest hits you but does no damage.
The kobold brigand throws a curare-tipped dart.
The curare-tipped dart hits you.
You are more poisoned.
You have difficulty breathing.
* * * LOW HITPOINT WARNING * * *
You feel as though you will be slow longer.
Okay, then.
Blink to where?
Press: ? - help, Dir - move target
As you read the scroll of blinking, it crumbles to dust.
You feel very sick.
You feel sick.
You feel sick.
You feel sick.
There is an escape hatch in the ceiling here.
You feel sick.
The orc priest invokes the aid of Beogh against you.
Beogh smites you!
You die...

░.░~..░.░~.~░.░.░░........░░
░.░..~░.░.~~░...░░.........░░
░.░.~~░.░~..░.░░░░..........░░░
░.░░.b░.░~.░░.<░
░........!...░░
░.░░░b░.░~░░░..░ ░.........░o.o
░.░░░░▒.▒░░░░..░ ░......§..o)░
░..░░░.........░ ░.....l?...▒▒
░░.............░░░░.....o...░▒
░░░░░.........pO.░.........░
░...[.....░░..oK........▒
░..........░░░........K░▒
░......░░▒░▒░░..........▒
░......░ lbb░░░.......░.▒
░░░....▒..~..▒░░.....░░.▒
░..[.░.....░. ..░░░░
░....▒~..~.▒..░░░
░░...░░.~~░░..░


You could see a kobold brigand, an ogre and an orc priest (poisoned).

Vanquished Creatures
  Grinder (D:5)
  Duvessa (D:5)
  A black bear (D:5)
  An ogre (D:4)
  A phantom (D:5)
  An elf zombie (Ossuary)
  2 scorpions (D:4)
  Dowan (D:5)
  A bombardier beetle (D:5)
  3 hounds
  3 human zombies (Ossuary)
  An iguana (D:5)
  An orc priest (D:5)
  2 jellies (D:4)
  A sleepcap (D:4)
  Natasha (twice) (D:2)
  6 orc wizards
  5 hound zombies (Ossuary)
  2 mummies (Ossuary)
  Robin (D:4)
  7 adders
  7 adder zombies (Ossuary)
  4 ribbon worms
  A dart slug (D:1)
  13 orcs
  4 ball pythons
  8 endoplasms
  3 giant cockroaches
  6 gnoll zombies (Ossuary)
  13 hobgoblins
  10 kobolds
  3 quokkas
  9 bats
  4 frilled lizards
  11 goblins
  4 jackal zombies (Ossuary)
  2 kobold zombies (Ossuary)
  8 orc zombies (Ossuary)
  4 rats
158 creatures vanquished.

Notes
Turn   | Place    | Note
-------+----------+-------------------------------------------
     0 | D:1      | utis the Demigod Necromancer began the quest for the Orb.
     0 | D:1      | Reached XP level 1. HP: 14/14 MP: 5/5
   200 | D:1      | Reached skill level 4 in Necromancy
   315 | D:1      | Reached XP level 2. HP: 20/20 MP: 5/7
  1579 | D:2      | Reached XP level 3. HP: 26/26 MP: 8/8
  1583 | D:2      | Learned a level 3 spell: Vampiric Draining
  1858 | D:2      | Noticed Natasha
  1871 | D:2      | Killed Natasha
  1872 | D:2      | Reached skill level 5 in Necromancy
  2173 | D:2      | Noticed Natasha
  2180 | D:2      | Killed Natasha
  2181 | D:2      | Reached skill level 1 in Short Blades
  2181 | D:2      | Reached XP level 4. HP: 18/33 MP: 9/9
  3147 | D:3      | Found Lakedikh's Weapon Boutique.
  3177 | D:3      | Reached XP level 5. HP: 33/38 MP: 10/10
  3689 | D:4      | Noticed an ogre
  3785 | D:4      | Reached skill level 6 in Necromancy
  3820 | D:4      | Killed an ogre
  3821 | D:4      | Reached XP level 6. HP: 45/45 MP: 11/11
  3970 | D:4      | Found Avink's Assorted Antiques.
  4120 | D:4      | Noticed Robin
  4158 | D:4      | Killed Robin
  4210 | D:4      | Learned a level 4 spell: Animate Dead
  4212 | D:4      | Found a staircase to the Ecumenical Temple.
  5053 | D:5      | Entered Level 5 of the Dungeon
  5106 | D:5      | Found a sand-covered staircase.
  5180 | Ossuary  | Entered an ossuary
  5230 | Ossuary  | Reached XP level 7. HP: 47/51 MP: 12/12
  5679 | Ossuary  | Reached skill level 1 in Fighting
  5758 | Ossuary  | Reached skill level 1 in Armour
  5853 | Ossuary  | Reached skill level 7 in Necromancy
  6053 | D:5      | Noticed Grinder
  6560 | D:5      | Noticed Duvessa
  6600 | D:5      | Killed Duvessa
  7027 | D:5      | Reached XP level 8. HP: 61/61 MP: 13/13
  7164 | D:5      | Paralysed by Grinder for 3 turns
  7178 | D:5      | Paralysed by Grinder for 5 turns
  7367 | D:5      | Killed Grinder
  7628 | D:5      | Noticed Dowan
  7647 | D:5      | Killed Dowan
  8418 | D:6      | Killed from afar by an orc priest

Illustrated notes

Levels and vault maps discovered:
D:1:      dpeg_arrival_connections, layout_rooms, ebering_ecumenical_altar_rust,
          nicolae_twisty_statue_hallways
D:2:      layout_basic, uniq_natasha
D:3:      minmay_chambers_of_threes, layout_loops_ring, serial_shops, shop
D:4:      layout_loops_cross, lemuel_crystal_altar, temple_green, serial_shops,
          nicolae_shop_advertising_works [nicolae_subvault_shop_adworks],
          uniq_robin
D:5:      layout_loops_ring, nicolae_ossuary_entry_false_entrances,
          uniq_grinder, uniq_duvessa
D:6:      layout_rooms, minitemple, serial_aquarium, aquarium_bridge_square
          [aquarium_subvault_wall, aquarium_subvault_bridge,
          aquarium_subvault_wall, aquarium_subvault_bridge],
          aquarium_bridge_square [aquarium_subvault_wall,
          aquarium_subvault_bridge, aquarium_subvault_bridge,
          aquarium_subvault_wall], aquarium_window_2, aquarium_window_3,
          aquarium_view_2a, aquarium_view_4, aquarium_balcony_double_3,
          aquarium_pool_1, serial_shops, shop_fountains

Skill      XL: |  1  2  3  4  5  6  7  8 |
---------------+-------------------------+-----
Necromancy     | 4 5 6 7 |  7.9
Short Blades   | 1 3 4 |  4.9
Dodging        | 2 3 |  3.3
Fighting       | 2 |  2.8
Armour         | 2 |  2.6
Stealth        | |  1.7
Spellcasting   | |  1.9

Action                     |  1- 3 |  4- 6 |  7- 9 || total
---------------------------+-------+-------+-------++-------
  Melee: Unarmed           |    12 |       |       ||    12
         Short sword       |    12 |    23 |   390 ||   425
         Trident           |    11 |       |       ||    11
         Dagger            |    33 |   216 |   144 ||   393
         Punch             |       |     3 |     7 ||    10
  Throw: Dart              |       |     9 |       ||     9
   Cast: Necrotise         |    49 |    14 |     2 ||    65
         Vampiric Draining |     1 |     3 |       ||     4
    Use: Scroll            |       |    14 |     4 ||    18
         Potion            |       |     2 |     2 ||     4
   Stab: Sleeping          |     2 |     1 |       ||     3
 Armour: Robe              |    12 |       |       ||    12
         Leather armour    |    24 |     1 |       ||    25
         Ring mail         |       |   144 |   315 ||   459
  Dodge: Dodged            |    28 |    87 |   221 ||   336
